 Dungeon Sprint DCSS version 0.32-a0-450-g080537f31e (webtiles) character file.

Game seed: 17186108948024359938

32200000 adelrune the Conqueror (level 27, 38/228 HPs)
             Began as a Djinni Warper on Feb 23, 2024.
             Was the Champion of Makhleb.
             Escaped with the Orb!
             The game lasted 00:05:01 (161 turns).

adelrune the Conqueror (Djinni Warper)               Turns: 161, Time: 00:05:02

Health: 38/228     AC:  6    Str: 10    XL:     27
Gold:   0          EV: 36    Int: 17    God:    Makhleb [******] SH:  0 Dex: 25

rFire   + + .        i - +∞ Axe of Woe
rCold   x . .        (shield currently unavailable)
rNeg    . . .        b - +0 leather armour
rPois   ∞            (no helmet)
rElec   .            (no cloak)
rCorr   .            (no gloves)
SInv    .            (boots unavailable)
Will    ++...        (no amulet)
Stlth   ++++         (no ring)
HPRegen 0.58/turn    (no ring)
MPRegen 0.00/turn

%: no teleportation
@: flying, slowed, very slow
A: sickness immunity, fire resistance 2, cold vulnerability 1, float, innate
caster, HP casting, extra vitality 1
0: Orb of Zot
a: Renounce Religion, Minor Destruction, Lesser Servant of Makhleb, Major
Destruction, Greater Servant of Makhleb


You escaped.
You worshipped Makhleb.
Makhleb was exalted by your worship.
You visited 1 branch

Inventory:

Hand Weapons
 a - a +0 hand axe
 i - the +∞ Axe of Woe (weapon)
   (You found it in the Dungeon)
Missiles
 d - 7 darts of dispersal (quivered)
Armour
 b - a +0 leather armour (worn)
Scrolls
 c - 2 scrolls of blinking
Potions
 e - a potion of curing
 f - a potion of heal wounds
 g - a potion of haste
 h - a potion of berserk rage


   Skills:
 O Level 27 Fighting
 O Level 27 Short Blades
 O Level 27 Long Blades
 O Level 27 Axes
 O Level 27 Maces & Flails
 O Level 27 Polearms
 O Level 27 Staves
 O Level 27 Ranged Weapons
 O Level 27 Throwing
 O Level 27 Armour
 O Level 27 Dodging
 O Level 27 Stealth
 O Level 27 Shields
 O Level 27 Unarmed Combat
 O Level 27 Spellcasting
 O Level 27 Conjurations
 O Level 27 Hexes
 O Level 27 Summonings
 O Level 27 Necromancy
 O Level 27 Translocations
 O Level 27 Fire Magic
 O Level 27 Ice Magic
 O Level 27 Air Magic
 O Level 27 Earth Magic
 O Level 27 Alchemy
 O Level 27 Invocations
 O Level 27 Evocations
 O Level 27 Shapeshifting


You knew the following spells:

 Your Spells              Type           Power      Damage    Failure   Level
a - Blink                 Tloc           100%       N/A       0%          2
b - Lesser Beckoning      Tloc           100%       N/A       0%          2
c - Teleport Other        Tloc           86%        N/A       0%          3
d - Manifold Assault      Tloc           86%        N/A       0%          4
e - Vhi's Electric Charg  Tloc/Air       100%       N/A       0%          4
f - Foxfire               Conj/Fire      100%       2x1d9     0%          1
g - Ensorcelled Hibernat  Hex/Ice        100%       N/A       0%          2
h - Call Imp              Summ           100%       N/A       0%          2
i - Gell's Gravitas       Tloc           86%        N/A       0%          3
j - Dispel Undead         Necr           86%        3d28      0%          4
k - Alistair's Intoxicat  Alch           57%        N/A       0%          5
l - Bombard               Conj/Erth      43%        9d7       0%          6
m - Malign Gateway        Summ/Tloc      43%        N/A       1%          7
n - Plasma Beam           Fire/Air       43%        2x1d57    0%          6
o - Orb of Destruction    Conj           43%        9d12      1%          7
p - Lehudib's Crystal Sp  Conj/Erth      43%        10d10     1%          8
q - Fire Storm            Conj/Fire      43%        8d11      2%          9
r - Polar Vortex          Ice            43%        12d5*     2%          9
Your spell library was empty.

Dungeon Overview and Level Annotations

Branches:
Dungeon (1/1)

Altars:
Makhleb


Innate Abilities, Weirdness & Mutations

You are immune to sickness and miasma.
You are immune to poison.
Your flesh is very heat resistant. (rF++)
You are vulnerable to cold. (rC-)
You float through the air rather than walking.
You learn spells naturally, not from books.
Your magical power is your life essence.
You have superior vitality. (+4 MHP)


Message History

Makhleb accepts your kill.
You feel better.
A meat berserker comes into view. It is wielding a +9 battleaxe.
Something bites you!
Deactivating autopickup; reactivate with Ctrl-A.
A fleshlord comes into view. It is wielding a +9 great mace. x2
Something bites you! The fleshlord casts a spell at you.
You feel as though you will be slow longer.
You hit something.
You pulverise something into a thin bloody mist.
Makhleb accepts your kill.
You feel better.
Reactivating autopickup.
The fleshlord mumbles some strange words.
The fleshlord seems to speed up.
A fleshlord comes into view. It is wielding a +9 great mace.
The fleshlord mumbles some strange words.
The fleshlord seems to speed up.
A meat berserker comes into view. It is wielding a +9 battleaxe.
A scourge comes into view.
An eight-headed meat hydra comes into view.
The fleshlord casts a spell at you.
You feel as though you will be slow longer.
The meat berserker completely misses you.
A fleshlord comes into view. It is wielding a +9 great mace.
There is a staircase leading out of the dungeon, spattered with blood here.
The dread appears out of thin air!
The scourge appears out of thin air!
The scourge hisses angrily.
The eight-headed meat hydra calls on the powers of darkness!
The eight-headed meat hydra convulses!
Your body is wracked with pain!
The meat berserker convulses!
The scourge convulses!
The fleshlord convulses!
The meat berserker convulses!
The fleshlord convulses!
The meat berserker hits you with a +9 battleaxe!!!
* * * LOW HITPOINT WARNING * * *
The meat berserker rages.
The fleshlord gestures wildly while chanting.
The fleshlord seems to speed up.
You hear a shout!
You have escaped!

)) .) )) .)) #).
.)# #)p ))# .
p###.) ))###)☼
){)..)###))))))
S)p))))_))))...
#pWO.)# .
#_)@O_# .
...D#.))))#....
..))))._.†))....
)o...=###)†.))).
S###). ).###).
#.) ))# . #))
))# )) .)) .§
..)§


You could see a scourge, 4 fleshlords, a dread, 2 meat berserkers and a bag of
meat.

Vanquished Creatures
  Dispater (D)
  18 hell knights (D)
  Sigmund (D)
  22 hell beasts (D)
  21 royal mummies (D)
  13 wraiths (D)
  13 great orbs of eyes (D)
  Harold (D)
  27 vampire knights (D)
  65 ogres (D)
  13 two-headed ogres (D)
  12 liches (D)
  15 hydras (D)
  10 phantoms (D)
  157 orcs (D)
  15 skeletal warriors (D)
  13 sea snakes (D)
417 creatures vanquished.

Notes
Turn   | Place    | Note
-------+----------+-------------------------------------------
     0 | D        | Found the +∞ Axe of Woe
     0 | D        | adelrune the Djinni Warper began the quest for the Orb.
     0 | D        | adelrune set off with the following spells memorised:
                  | Blink, Lesser Beckoning, Teleport Other, Manifold Assault,
                  | Vhi's Electric Charge.
     0 | D        | Reached XP level 1. HP: 18/18 MP: 0/0
     3 | D        | Noticed a meat berserker
     4 | D        | Became a worshipper of Makhleb the Destroyer
     4 | D        | Noticed a meat berserker
     4 | D        | Noticed a bag of meat
     6 | D        | Noticed a bag of meat
     7 | D        | Killed a meat berserker
     8 | D        | Reached skill level 15 in Axes
     8 | D        | Reached skill level 5 in Armour
     8 | D        | Reached XP level 2. HP: 45/45 MP: 0/0
     8 | D        | Reached XP level 3. HP: 50/50 MP: 0/0
     8 | D        | Learned a level 1 spell: Foxfire
     8 | D        | Reached XP level 4. HP: 57/57 MP: 0/0
     8 | D        | Reached XP level 5. HP: 62/62 MP: 0/0
     8 | D        | Learned a level 2 spell: Ensorcelled Hibernation
     8 | D        | Reached XP level 6. HP: 68/68 MP: 0/0
     8 | D        | Reached XP level 7. HP: 75/75 MP: 0/0
     8 | D        | Learned a level 2 spell: Call Imp
     8 | D        | Reached XP level 8. HP: 81/81 MP: 0/0
     8 | D        | Reached XP level 9. HP: 86/86 MP: 0/0
     8 | D        | Learned a level 3 spell: Gell's Gravitas
     8 | D        | Reached XP level 10. HP: 93/93 MP: 0/0
     8 | D        | Reached XP level 11. HP: 98/98 MP: 0/0
     8 | D        | Learned a level 4 spell: Dispel Undead
     8 | D        | Reached XP level 12. HP: 104/104 MP: 0/0
     8 | D        | Killed a meat berserker
     8 | D        | Reached * piety under Makhleb
     9 | D        | Reached skill level 5 in Throwing
     9 | D        | Reached XP level 13. HP: 113/113 MP: 0/0
     9 | D        | Learned a level 5 spell: Alistair's Intoxication
     9 | D        | Killed a bag of meat
     9 | D        | Killed a bag of meat
     9 | D        | Noticed a meat berserker
     9 | D        | Noticed a bag of meat
    10 | D        | Reached skill level 10 in Stealth
    10 | D        | Reached XP level 14. HP: 119/123 MP: 0/0
    10 | D        | Killed a meat berserker
    10 | D        | Reached ** piety under Makhleb
    10 | D        | Killed a bag of meat
    10 | D        | Noticed a bag of meat
    10 | D        | Noticed a bag of meat
    11 | D        | Reached XP level 15. HP: 132/132 MP: 0/0
    11 | D        | Learned a level 6 spell: Bombard
    11 | D        | Reached *** piety under Makhleb
    11 | D        | Noticed a meat berserker
    12 | D        | Killed a meat berserker
    12 | D        | Noticed a meat berserker
    13 | D        | Reached XP level 16. HP: 142/142 MP: 0/0
    14 | D        | Reached skill level 15 in Stealth
    14 | D        | Reached skill level 15 in Spellcasting
    14 | D        | Reached skill level 15 in Conjurations
    14 | D        | Reached skill level 15 in Hexes
    14 | D        | Reached skill level 15 in Summonings
    14 | D        | Reached skill level 15 in Necromancy
    14 | D        | Reached skill level 15 in Translocations
    14 | D        | Reached skill level 15 in Fire Magic
    14 | D        | Reached skill level 15 in Ice Magic
    14 | D        | Reached skill level 15 in Air Magic
    14 | D        | Reached skill level 15 in Earth Magic
    14 | D        | Reached skill level 15 in Alchemy
    14 | D        | Reached **** piety under Makhleb
    14 | D        | Killed a meat berserker
    15 | D        | Reached XP level 17. HP: 152/152 MP: 0/0
    15 | D        | Learned a level 7 spell: Malign Gateway
    17 | D        | Noticed a meat berserker
    17 | D        | Noticed a meat berserker
    18 | D        | Killed a meat berserker
    18 | D        | Reached ***** piety under Makhleb
    18 | D        | Killed a meat berserker
    18 | D        | Noticed a meat berserker
    19 | D        | Reached XP level 18. HP: 165/165 MP: 0/0
    20 | D        | Reached XP level 19. HP: 173/173 MP: 0/0
    20 | D        | Learned a level 6 spell: Plasma Beam
    20 | D        | Killed a meat berserker
    20 | D        | Reached ****** piety under Makhleb
    20 | D        | Noticed a meat berserker
    21 | D        | Killed a meat berserker
    22 | D        | Reached skill level 27 in Fighting
    22 | D        | Reached skill level 27 in Axes
    22 | D        | Reached XP level 20. HP: 181/181 MP: 0/0
    23 | D        | Noticed a destroyer
    23 | D        | Killed a destroyer
    23 | D        | Noticed a large bag of meat
    23 | D        | Noticed a large bag of meat
    23 | D        | Noticed a destroyer
    24 | D        | Reached skill level 27 in Stealth
    24 | D        | Reached skill level 27 in Spellcasting
    24 | D        | Reached skill level 27 in Conjurations
    24 | D        | Reached skill level 27 in Hexes
    24 | D        | Reached skill level 27 in Summonings
    24 | D        | Reached skill level 27 in Necromancy
    24 | D        | Reached skill level 27 in Translocations
    24 | D        | Reached skill level 27 in Fire Magic
    24 | D        | Reached skill level 27 in Ice Magic
    24 | D        | Reached skill level 27 in Air Magic
    24 | D        | Reached skill level 27 in Earth Magic
    24 | D        | Reached skill level 27 in Alchemy
    24 | D        | Killed a large bag of meat
    24 | D        | Killed a destroyer
    24 | D        | Killed a large bag of meat
    24 | D        | Noticed a destroyer
    25 | D        | Reached skill level 27 in Dodging
    25 | D        | Reached skill level 10 in Shields
    25 | D        | Reached skill level 10 in Unarmed Combat
    25 | D        | Reached skill level 10 in Invocations
    25 | D        | Reached skill level 10 in Evocations
    25 | D        | Reached XP level 21. HP: 170/187 MP: 0/0
    25 | D        | Learned a level 7 spell: Orb of Destruction
    25 | D        | Killed a destroyer
    26 | D        | Reached skill level 10 in Maces & Flails
    26 | D        | Reached skill level 10 in Polearms
    26 | D        | Reached skill level 10 in Ranged Weapons
    26 | D        | Reached skill level 10 in Shapeshifting
    26 | D        | Reached XP level 22. HP: 191/194 MP: 0/0
    26 | D        | Noticed a destroyer
    26 | D        | Killed a destroyer
    26 | D        | Noticed a meat berserker
    27 | D        | Reached skill level 15 in Armour
    27 | D        | Killed a meat berserker
    27 | D        | Noticed a large bag of meat
    27 | D        | Noticed a meat berserker
    27 | D        | Noticed a meat berserker
    28 | D        | Reached XP level 23. HP: 199/201 MP: 0/0
    28 | D        | Learned a level 8 spell: Lehudib's Crystal Spear
    28 | D        | Noticed a destroyer
    28 | D        | Killed a large bag of meat
    28 | D        | Noticed a large bag of meat
    29 | D        | Reached skill level 15 in Throwing
    29 | D        | Reached skill level 15 in Shields
    29 | D        | Reached skill level 15 in Unarmed Combat
    29 | D        | Reached skill level 15 in Invocations
    29 | D        | Reached skill level 15 in Evocations
    29 | D        | Killed a large bag of meat
    29 | D        | Killed a destroyer
    30 | D        | Reached skill level 15 in Short Blades
    30 | D        | Reached skill level 15 in Long Blades
    30 | D        | Reached skill level 15 in Staves
    30 | D        | Reached XP level 24. HP: 206/208 MP: 0/0
    33 | D        | Reached XP level 25. HP: 210/214 MP: 0/0
    33 | D        | Learned a level 9 spell: Fire Storm
    34 | D        | Noticed a destroyer
    34 | D        | Noticed a large bag of meat
    35 | D        | Killed a large bag of meat
    35 | D        | Killed a destroyer
    35 | D        | Noticed a destroyer
    36 | D        | Killed a destroyer
    37 | D        | Reached XP level 26. HP: 218/221 MP: 0/0
    37 | D        | Noticed a large bag of meat
    38 | D        | Noticed a destroyer
    40 | D        | Reached XP level 27. HP: 224/228 MP: 0/0
    40 | D        | Learned a level 9 spell: Polar Vortex
    40 | D        | Killed a destroyer
    40 | D        | Killed a large bag of meat
    42 | D        | Noticed a large bag of meat
    43 | D        | Killed a large bag of meat
    45 | D        | Noticed an accursed
    45 | D        | Killed an accursed
    46 | D        | Reached skill level 27 in Armour
    47 | D        | Reached skill level 27 in Shields
    47 | D        | Reached skill level 27 in Unarmed Combat
    47 | D        | Reached skill level 27 in Invocations
    47 | D        | Reached skill level 27 in Evocations
    47 | D        | Noticed an accursed
    47 | D        | Killed an accursed
    47 | D        | Noticed a destroyer
    48 | D        | Killed a destroyer
    49 | D        | Reached skill level 27 in Short Blades
    49 | D        | Reached skill level 27 in Long Blades
    49 | D        | Reached skill level 27 in Staves
    49 | D        | Noticed a destroyer
    49 | D        | Noticed a tyrant
    49 | D        | Noticed an accursed
    50 | D        | Killed a destroyer
    50 | D        | Killed an accursed
    50 | D        | Killed a tyrant
    51 | D        | Reached skill level 27 in Maces & Flails
    51 | D        | Reached skill level 27 in Polearms
    51 | D        | Reached skill level 27 in Ranged Weapons
    51 | D        | Reached skill level 27 in Throwing
    51 | D        | Reached skill level 27 in Shapeshifting
    52 | D        | Noticed a tyrant
    53 | D        | Killed a tyrant
    53 | D        | Noticed an accursed
    53 | D        | Noticed a destroyer
    53 | D        | Noticed a large bag of meat
    54 | D        | Killed a large bag of meat
    54 | D        | Killed a destroyer
    54 | D        | Killed an accursed
    54 | D        | Noticed a destroyer
    54 | D        | Noticed a destroyer
    55 | D        | Noticed a destroyer
    56 | D        | Noticed an accursed
    56 | D        | Killed a destroyer
    56 | D        | Killed an accursed
    57 | D        | Killed a destroyer
    57 | D        | Noticed a destroyer
    58 | D        | Noticed a dread
    58 | D        | Killed a destroyer
    58 | D        | Killed a dread
    59 | D        | Killed a destroyer
    59 | D        | Noticed a destroyer
    60 | D        | Killed a destroyer
    60 | D        | Noticed a destroyer
    60 | D        | Noticed a tyrant
    61 | D        | Killed a tyrant
    62 | D        | Killed a destroyer
    62 | D        | Noticed a destroyer
    63 | D        | Killed a destroyer
    66 | D        | Noticed an accursed
    66 | D        | Noticed The Captor
    67 | D        | Noticed a meat beast
    67 | D        | Killed The Captor
    67 | D        | Killed an accursed
    67 | D        | Killed a meat beast
    69 | D        | Noticed a meat beast
    69 | D        | Noticed a large bag of meat
    70 | D        | Killed a large bag of meat
    70 | D        | Killed a meat beast
    70 | D        | Noticed a meat beast
    71 | D        | Noticed a meat beast
    71 | D        | Killed a meat beast
    71 | D        | Killed a meat beast
    71 | D        | Noticed an accursed
    71 | D        | Noticed a tyrant
    71 | D        | Noticed a tyrant
    72 | D        | Killed a tyrant
    72 | D        | Killed a tyrant
    73 | D        | Noticed a meat beast
    73 | D        | Killed a meat beast
    73 | D        | Killed an accursed
    73 | D        | Noticed a dread
    74 | D        | Killed a dread
    74 | D        | Noticed a tyrant
    75 | D        | Killed a tyrant
    75 | D        | Noticed a large bag of meat
    75 | D        | Noticed a dread
    76 | D        | Killed a dread
    76 | D        | Killed a large bag of meat
    76 | D        | Noticed an accursed
    76 | D        | Noticed a meat beast
    76 | D        | Noticed a meat beast
    77 | D        | Killed a meat beast
    77 | D        | Killed an accursed
    77 | D        | Noticed a dread
    78 | D        | Killed a dread
    78 | D        | Noticed a dread
    78 | D        | Noticed a destroyer
    79 | D        | Killed a dread
    79 | D        | Killed a meat beast
    80 | D        | Killed a destroyer
    81 | D        | Noticed a meat beast
    82 | D        | Killed a meat beast
    82 | D        | Noticed a meat beast
    83 | D        | Killed a meat beast
    84 | D        | Noticed a destroyer
    85 | D        | Killed a destroyer
    85 | D        | Noticed a large bag of meat
    85 | D        | Noticed a large bag of meat
    86 | D        | Killed a large bag of meat
    86 | D        | Killed a large bag of meat
    86 | D        | Noticed a destroyer
    86 | D        | Noticed a tyrant
    87 | D        | Killed a tyrant
    87 | D        | Killed a destroyer
    89 | D        | Noticed a meat beast
    90 | D        | Killed a meat beast
    90 | D        | Noticed a meat beast
    91 | D        | Killed a meat beast
    91 | D        | Noticed a large bag of meat
    93 | D        | Noticed a tyrant
    93 | D        | Noticed a tyrant
    94 | D        | Killed a tyrant
    94 | D        | Killed a tyrant
    94 | D        | Killed a large bag of meat
    95 | D        | Noticed an accursed
    96 | D        | Killed an accursed
    96 | D        | Noticed a meat beast
    96 | D        | Noticed a meat beast
    97 | D        | Killed a meat beast
    97 | D        | Killed a meat beast
    98 | D        | Noticed an accursed
    98 | D        | Killed an accursed
    99 | D        | Noticed an accursed
    99 | D        | Noticed a meat beast
    99 | D        | Noticed an accursed
   100 | D        | Noticed a meat beast
   101 | D        | Killed a meat beast
   101 | D        | Killed an accursed
   102 | D        | Killed an accursed
   103 | D        | Killed a meat beast
   104 | D        | Noticed an accursed
   105 | D        | Killed an accursed
   105 | D        | Noticed a dread
   106 | D        | Killed a dread
   106 | D        | Noticed a tyrant
   106 | D        | Noticed The Servant
   107 | D        | Killed a tyrant
   107 | D        | Killed The Servant
   108 | D        | Noticed a meat beast
   108 | D        | Noticed an accursed
   108 | D        | Noticed a dread
   109 | D        | Killed an accursed
   109 | D        | Killed a dread
   109 | D        | Noticed an accursed
   109 | D        | Noticed a destroyer
   110 | D        | Killed an accursed
   110 | D        | Killed a destroyer
   110 | D        | Killed a meat beast
   110 | D        | Noticed a meat beast
   110 | D        | Noticed an accursed
   112 | D        | Killed an accursed
   113 | D        | Noticed an accursed
   113 | D        | Noticed a destroyer
   114 | D        | Killed a meat beast
   115 | D        | Killed an accursed
   115 | D        | Killed a destroyer
   115 | D        | Noticed a dread
   115 | D        | Noticed a destroyer
   116 | D        | Killed a dread
   116 | D        | Killed a destroyer
   116 | D        | Noticed a destroyer
   117 | D        | Killed a destroyer
   117 | D        | Noticed an accursed
   118 | D        | Killed an accursed
   118 | D        | Noticed a tyrant
   119 | D        | Killed a tyrant
   120 | D        | Noticed an accursed
   123 | D        | Killed an accursed
   123 | D        | Noticed a meat beast
   123 | D        | Noticed a meat beast
   123 | D        | Noticed a dread
   125 | D        | Killed a dread
   125 | D        | Killed a meat beast
   125 | D        | Noticed a meat beast
   125 | D        | Noticed a fleshlord
   125 | D        | Noticed an accursed
   126 | D        | Killed an accursed
   126 | D        | Killed a meat beast
   126 | D        | Killed a fleshlord
   126 | D        | Killed a meat beast
   126 | D        | Noticed a dread
   127 | D        | Noticed a fleshlord
   128 | D        | Killed a dread
   129 | D        | Killed a fleshlord
   130 | D        | Noticed a fleshlord
   130 | D        | Noticed a fleshlord
   131 | D        | Killed a fleshlord
   131 | D        | Killed a fleshlord
   131 | D        | Noticed a fleshlord
   132 | D        | Killed a fleshlord
   133 | D        | Noticed a fleshlord
   133 | D        | Killed a fleshlord
   133 | D        | Noticed a fleshlord
   134 | D        | Killed a fleshlord
   135 | D        | Noticed a dread
   136 | D        | Noticed a fleshlord
   137 | D        | Killed a dread
   137 | D        | Killed a fleshlord
   138 | D        | Noticed a tyrant
   138 | D        | Noticed a fleshlord
   139 | D        | Killed a fleshlord
   139 | D        | Killed a tyrant
   140 | D        | Noticed a meat beast
   140 | D        | Noticed a fleshlord
   141 | D        | Killed a meat beast
   141 | D        | Killed a fleshlord
   141 | D        | Noticed a destroyer
   142 | D        | Killed a destroyer
   143 | D        | Noticed a fleshlord
   144 | D        | Killed a fleshlord
   145 | D        | Noticed a fleshlord
   147 | D        | Killed a fleshlord
   147 | D        | Noticed an accursed
   148 | D        | Killed an accursed
   148 | D        | Noticed a fleshlord
   148 | D        | Noticed a dread
   148 | D        | Noticed a fleshlord
   149 | D        | Killed a fleshlord
   149 | D        | Noticed The Meatlord
   149 | D        | Noticed a fleshlord
   150 | D        | Killed The Meatlord
   150 | D        | Killed a fleshlord
   150 | D        | Killed a fleshlord
   150 | D        | Noticed a meat beast
   151 | D        | Killed a meat beast
   151 | D        | Killed a dread
   153 | D        | Got the Orb of Zot
   153 | D        | Noticed a destroyer
   153 | D        | Noticed a dread
   153 | D        | Noticed a fleshlord
   153 | D        | Noticed a fleshlord
   154 | D        | Killed a fleshlord
   154 | D        | Killed a destroyer
   155 | D        | Killed a dread
   155 | D        | Killed a fleshlord
   156 | D        | Noticed a fleshlord
   157 | D        | Killed a fleshlord
   157 | D        | Noticed a fleshlord
   157 | D        | Noticed a fleshlord
   158 | D        | Noticed a fleshlord
   159 | D        | Noticed a fleshlord
   161 | D        | Noticed a dread
   161 | D        | Escaped with the Orb!

Illustrated notes

Levels and vault maps discovered:
D:        meatsprint

Skill      XL: |  1  2  3  4  5  6  7  8  9 10 11 12 13 14 15 16 17 18 19 20 21 22 23 24 25 26 27 |
---------------+----------------------------------------------------------------------------------+-----
Fighting       | 16 18 19 20 22 23 25 26 27 | 27.0
Axes           | 15 16 17 18 20 21 23 24 27 | 27.0
Throwing       | 4 5 6 7 8 11 13 14 16 18 20 21 27 | 27.0
Armour         | 5 6 7 8 9 13 14 16 19 21 23 25 27 | 27.0
Dodging        | 17 19 20 22 24 25 26 27 | 27.0
Stealth        | 7 10 12 14 17 21 22 26 27 | 27.0
Spellcasting   | 6 8 11 13 17 20 22 25 27 | 27.0
Conjurations   | 6 8 11 13 17 20 22 25 27 | 27.0
Hexes          | 6 8 11 13 17 20 22 25 27 | 27.0
Summonings     | 6 8 11 13 17 20 22 25 27 | 27.0
Necromancy     | 6 8 11 13 17 20 22 25 27 | 27.0
Translocations | 6 8 11 13 17 20 22 25 27 | 27.0
Fire Magic     | 6 8 11 13 17 20 22 25 27 | 27.0
Ice Magic      | 6 8 11 13 17 20 22 25 27 | 27.0
Air Magic      | 6 8 11 13 17 20 22 25 27 | 27.0
Earth Magic    | 6 8 11 13 17 20 22 25 27 | 27.0
Alchemy        | 6 8 11 13 17 20 22 25 27 | 27.0
Short Blades   | 9 11 13 15 18 20 22 27 | 27.0
Long Blades    | 9 11 13 15 18 20 22 27 | 27.0
Maces & Flails | 8 10 12 14 16 18 20 27 | 27.0
Polearms       | 8 10 12 14 16 18 20 27 | 27.0
Staves         | 9 11 13 15 18 20 22 27 | 27.0
Ranged Weapons | 8 10 12 14 16 18 20 27 | 27.0
Shields        | 10 11 14 17 19 21 24 27 | 27.0
Unarmed Combat | 10 11 14 17 19 21 24 27 | 27.0
Invocations    | 10 11 14 17 19 21 24 27 | 27.0
Evocations     | 10 11 14 17 19 21 24 27 | 27.0
Shapeshifting  | 8 10 12 14 16 18 20 27 | 27.0

Action                     |  1- 3 |  4- 6 |  7- 9 | 10-12 | 13-15 | 16-18 | 19-21 | 22-24 | 25-27 || total
---------------------------+-------+-------+-------+-------+-------+-------+-------+-------+-------++-------
  Melee: Executioner's axe |     1 |       |       |     1 |     7 |    12 |    17 |    18 |   349 ||   405
   Cast: Manifold Assault  |       |       |       |       |     4 |     5 |     5 |     7 |   109 ||   130
 Armour: Leather armour    |       |       |       |       |       |       |     3 |     7 |    53 ||    63
  Dodge: Dodged            |     1 |       |       |       |       |       |       |       |    32 ||    33

Table legend: (Time is in decaauts)
 A = Elapsed time spent in this place.
 B = Non-inter-level travel time spent in this place.
 C = Inter-level travel time spent in this place.
 D = Time resting spent in this place.
 E = Time spent auto-exploring this place.
 F = Levels seen in this place.
 G = Mean time per level.
                   A        B        C        D        E       F      G
               +--------+--------+--------+--------+--------+-----+--------+
         Total |    159 |    159 |      0 |      0 |      0 |   1 |  159.0 |
       Dungeon |    159 |    159 |      0 |      0 |      0 |   1 |  159.0 |
               +--------+--------+--------+--------+--------+-----+--------+

Top non-repeatable levels by time:
       D: 159 daAuts
